 Dungeon Crawl Stone Soup version 0.30-a0-799-g109b55a442 (webtiles) character file.

Game seed: 9621720045681490464

2 Esekla the Sneak (level 1, 16/16 HPs)
             Began as an Octopode Delver on Feb 21, 2023.
             Quit the game on level 5 of the Dungeon.
             The game lasted 00:03:00 (159 turns).

Esekla the Sneak (Octopode Delver)                   Turns: 159, Time: 00:03:00

Health: 16/16      AC:  1    Str: 11    XL:     1   Next: 30%
Magic:  1/1        EV: 13    Int: 12    God:
Gold:   0          SH:  0    Dex: 13    Spells: 0/0 levels left

rFire   . . .      SeeInvis .    a - +0 falchion
rCold   . . .      Faith    .    (no shield)
rNeg    . . .      Spirit   .    (helmet restricted)
rPois   .          Reflect  .    (no amulet)
rElec   .          Harm     .    (no ring)
rCorr   .          Rampage  .    (no ring)
Will    .....                    (no ring)
Stlth   ++++                     (no ring)
HPRegen 0.22/turn                (no ring)
MPRegen 0.07/turn                (no ring)
                                 (no ring)
                                 (no ring)

@: hasted, very quick
A: almost no armour, amphibious, 8 rings, camouflage 1, gelatinous body 1,
(nimble swimmer 1), tentacles
a: no special abilities


You were on level 5 of the Dungeon.
You visited 1 branch of the dungeon, and saw 1 of its levels.

Inventory:

Hand Weapons
 a - a +0 falchion (weapon)
Jewellery
 d - an amulet of the acrobat
Wands
 f - a wand of digging (3)
Scrolls
 b - a scroll of fog
 c - a scroll of identify {unknown}


   Skills:
 * Level 3.0 Fighting
 * Level 2.0 Long Blades
 * Level 2.0 Dodging
 + Level 6.6 Stealth


You couldn't memorise any spells.
You didn't know any spells.
Your spell library contained the following spells:

 Spells                   Type           Power      Damage    Failure   Level
 Dazzling Flash           Conj/Hex       0%         N/A       69%         3
 Iskenderun's Mystic Bla  Conj/Tloc      0%         2d3       97%         4
 Starburst                Conj/Fire      0%         6d3       100%        6


Dungeon Overview and Level Annotations

Branches:
Dungeon (5/15)
 Temple: D:4-7

Altars:

Shops:
D:5 (??(*

Portals:
Ossuary: D:5

Annotations:
D:5 Ijyb


Innate Abilities, Weirdness & Mutations

You cannot wear most types of armour.
You are amphibious.
You can wear up to eight rings at the same time.
Your skin changes colour to match your surroundings (Stealth+).
Your rubbery body absorbs attacks. (AC +1, EV +1)
((You are camouflaged when in or above water. (Stealth+)))
You have tentacles for arms and can constrict up to eight enemies at once.


Message History

The iguana looks frightened!
You constrict the scorpion.
The scorpion struggles to escape constriction.
You release your grip on the scorpion.
You close the door.
You open the door.
There is an open door here.
Found a book of Spectacle.
You pick up a book of Spectacle and begin reading...
You add the spells Dazzling Flash, Iskenderun's Mystic Blast and Starburst to your library.
Found Faunlick's Magic Scroll Shoppe.
Found 5 stones.
Found a scroll labelled HENGEY VEDEN.
There is an entrance to Faunlick's Magic Scroll Shoppe here.
You can access your shopping list by pressing '$'.
c - a scroll labelled HENGEY VEDEN
There is an entrance to Faunlick's Magic Scroll Shoppe here.
Found a book of Air.
You hear the slow hiss of a distant avalanche of sand.
Found a small bronze amulet.
Found a morningstar and a club.
A black bear comes into view.
d - an amulet of the acrobat
Press: ? - help, . - travel, g - get item You can't see that place. [Stash: a book of Air] [the floor.] Unknown command.
There is an entrance to Siutu's Weapon Shop here.
There is a stone staircase leading up here.
A phantom comes into view.
The black bear growls angrily.
You feel yourself speed up.
The phantom hits you but does no damage.
The phantom barely misses you.
Ijyb the Twisted Goblin comes into view.
She is wielding a +0 club and carrying a wand of light (8).
Found Cicot's Assorted Antiques.
You hear the slow hiss of a very distant avalanche of sand.
There is an entrance to Cicot's Assorted Antiques here.
You can access your shopping list by pressing '$'.
Are you sure you want to abandon this character and quit the game? (Confirm with "yes".)

.....g..# ********,*,,>,*
####.#### *.#**,,* #.#
*.##*,,*
#.#############..,,,,*
***#.W.......##...####,**
,,,#########.##.......,*
**,** #.#.....#**** ,,,,*
#.#..P..# **,,* #....@P.#
**,,* ##..PP..# **,,*
#......# ,,,,* #.....##
**,,* ####### *,*,**
,*,,,* *,,,** **,**


There were no monsters in sight!

Vanquished Creatures
  An orc (D:5)
1 creature vanquished.

Notes
Turn   | Place    | Note
-------+----------+-------------------------------------------
     0 | D:5      | Esekla the Octopode Delver began the quest for the Orb.
     0 | D:5      | Reached XP level 1. HP: 16/16 MP: 1/1
     1 | D:5      | Noticed an iguana
    10 | D:5      | Found Tuseuq's Antique Weapon Emporium.
    11 | D:5      | Noticed an iguana
    12 | D:5      | Found Nohog's Magic Scroll Shoppe.
    35 | D:5      | Found Siutu's Weapon Shop.
    53 | D:5      | Noticed a scorpion
    58 | D:5      | Found a sand-covered staircase.
    77 | D:5      | Found Faunlick's Magic Scroll Shoppe.
   101 | D:5      | Noticed a black bear
   129 | D:5      | Noticed a phantom
   139 | D:5      | Noticed Ijyb
   154 | D:5      | Found Cicot's Assorted Antiques.
   159 | D:5      | Quit the game

Illustrated notes

Levels and vault maps discovered:
D:5:      layout_loops_cross, nicolae_ossuary_entry_plus, serial_shops, shop,
          nicolae_shop_stone, shop, nicolae_shop_hallway_plus,
          nicolae_shop_overgrown_old_shop, uniq_ijyb, uniq_crazy_yiuf_cottage,
          uniq_pikel

Action                     || total
---------------------------++-------
  Melee: Falchion          ||     3
         Tentacles         ||     3
         Constrict         ||     2
    Use: Scroll            ||     2
         Potion            ||     1
 Armour: Skin              ||     2
  Dodge: Dodged            ||     2

Table legend: (Time is in decaauts)
 A = Elapsed time spent in this place.
 B = Non-inter-level travel time spent in this place.
 C = Inter-level travel time spent in this place.
 D = Time resting spent in this place.
 E = Time spent auto-exploring this place.
 F = Levels seen in this place.
 G = Mean time per level.
                   A        B        C        D        E       F      G
               +--------+--------+--------+--------+--------+-----+--------+
         Total |    152 |    152 |      0 |      0 |      0 |   1 |  152.0 |
       Dungeon |    152 |    152 |      0 |      0 |      0 |   1 |  152.0 |
               +--------+--------+--------+--------+--------+-----+--------+

Top non-repeatable levels by time:
     D:5: 152 daAuts
